 Dungeon Crawl Stone Soup version 0.31.0-11-ge490571c62 (webtiles) character file.

Game seed: 7779020613651808311

92 qw the Shooter (level 4, -6/22 HPs)
             Began as a Spriggan Hunter on Feb 4, 2024.
             Mangled by an orc
             ... wielding a +0 morningstar
              (11 damage)
             ... on level 3 of the Dungeon.
             The game lasted 00:00:05 (1424 turns).

qw the Shooter (Spriggan Hunter)                    Turns: 1424, Time: 00:00:06

Health: -6/22      AC:  2    Str:  7    XL:     4   Next: 35%
Magic:  5/5        EV: 20    Int: 10    God:
Gold:   64         SH:  0    Dex: 20    Spells: 3/3 levels left

rFire   . . .        a - +0 shortbow
rCold   . . .        (shield currently unavailable)
rNeg    . . .        c - +0 robe
rPois   .            (helmet restricted)
rElec   .            (no cloak)
rCorr   .            (gloves unavailable)
SInv    +            (boots unavailable)
Will    .....        (no amulet)
Stlth   ++           (no ring)
HPRegen 0.23/turn    (no ring)
MPRegen 0.09/turn

%: no passive effects
@: about to teleport, very quick
A: very small, no large weapons, unfitting armour, see invisible, speed 3
a: no special abilities


You were on level 3 of the Dungeon.
You visited 1 branch of the dungeon, and saw 3 of its levels.

You collected 64 gold pieces.


Innate Abilities, Weirdness & Mutations

You are very small and have problems with some larger weapons.
You are too small for most types of armour.
You have supernaturally acute eyesight. (SInv)
You cover ground extremely quickly. (Speed+++)


   Skills:
 - Level 1.5 Fighting
 - Level 5.0 Ranged Weapons
 + Level 4.8 Dodging
 - Level 1.5 Stealth


You had 3 spell levels left.
You didn't know any spells.
Your spell library was empty.

Inventory:

Hand Weapons
 a - a +0 shortbow (weapon)
Armour
 c - a +0 robe (worn)
Potions
 d - a potion of heal wounds {unknown}
 f - a potion of enlightenment {unknown}
 g - a potion of invisibility {unknown}
 h - a potion of degeneration {unknown}
 i - a potion of might {unknown}
 j - a potion of magic {unknown}
 k - a potion of haste {unknown}

Dungeon Overview and Level Annotations

Branches:
Dungeon (3/15)

Altars:

Annotations:
D:3 Sigmund


Message History

Sigmund the Dreaded comes into view.
He is wielding a +0 scythe and carrying a wand of flame.
An orc comes into view. It is wielding a +0 short sword.
An orc comes into view. It is wielding a +0 mace.
You shoot an arrow. The arrow completely misses the orc.
Sigmund shouts!
The orc shouts! x2
The arrow hits the orc but does no damage.
The orc is moderately wounded.
An orc comes into view. It is wielding a +0 morningstar.
You shoot an arrow. The orc shouts!
The arrow hits the orc.
The orc is heavily wounded.
You shoot an arrow. The arrow hits the orc.
You kill the orc!
Sigmund casts a spell at you. The magic dart hits you!
An orc comes into view. It is wielding a +0 hand axe.
1384 ||| FLEEEEING.
Sigmund zaps a wand.
The puff of flame misses you.
The orc moves out of view.
1385 ||| FLEEEEING.
Sigmund smiles chillingly.
1386 ||| FLEEEEING.
1387 ||| FLEEEEING.
There is a stone staircase leading up here.
1388 ||| STAIRDANCE You climb upwards.
There is a stone staircase leading down here.
You start resting.
HP restored.
You climb downwards.
Level annotation: Sigmund The orc hits you but does no damage.
The orc hits you with a +0 morningstar! The orc hits you with a +0 hand axe!
There is a stone staircase leading up, spattered with blood here.
1424 ||| READING scroll of teleportation.
As you read the scroll of teleportation, it crumbles to dust.
You feel strangely unstable. The orc hits you with a +0 morningstar!
Ouch! That really hurt!
You die...

.. # #.#### ..##
....### ..8#
##.....##..#
##..........#
#...........## .
#.....o.....8# o.
#....@......##...
#...o......@.....
#..........o)....
#..........$.....
##..............#
##.....##.....##
####### ######


You could see Sigmund and 3 orcs.

Vanquished Creatures
  Jessica (D:2)
  An adder (D:2)
  2 ribbon worms (D:2)
  A dart slug (D:1)
  An orc (D:3)
  6 bats
  6 endoplasms
  4 giant cockroaches
  5 goblins
  4 hobgoblins
  3 kobolds
  A quokka (D:1)
  2 ball pythons (D:1)
  9 frilled lizards
  3 rats (D:2)
49 creatures vanquished.

Notes
Turn   | Place    | Note
-------+----------+-------------------------------------------
     0 | D:1      | qw the Spriggan Hunter began the quest for the Orb.
     0 | D:1      | Reached XP level 1. HP: 10/10 MP: 2/2
     0 | D:1      | 0 ||| qw: Version: 0.3-a-160-g6735b56
     0 | D:1      | 0 ||| qw: Game counter: 5080
     0 | D:1      | 0 ||| qw: Melee chars always use a shield: true
     0 | D:1      | 0 ||| qw: God list: Okawaru
     0 | D:1      | 0 ||| qw: Allow faded altars: false
     0 | D:1      | 0 ||| qw: Do Orc after clearing Dungeon:15 true
     0 | D:1      | 0 ||| qw: Do second Lair branch before Depths: true
     0 | D:1      | 0 ||| qw: Lair rune preference: random
     0 | D:1      | 0 ||| qw: Goals: Normal
     0 | D:1      | 0 ||| PLANNING D:1-11
    25 | D:1      | Reached skill level 3 in Dodging
    66 | D:1      | Reached XP level 2. HP: 14/14 MP: 3/3
   345 | D:1      | Reached XP level 3. HP: 18/18 MP: 4/4
   390 | D:1      | 390 ||| READING scroll labelled QEINYA IGAU.
   390 | D:1      | 390 ||| IDENTIFYING cyan potion
   391 | D:1      | 391 ||| READING scroll labelled KEUM LIYMOI.
   395 | D:1      | 395 ||| DROPPING scroll of butterflies.
   396 | D:1      | 396 ||| DROPPING potion of ambrosia.
   466 | D:2      | Noticed Jessica
   477 | D:2      | Killed Jessica
   585 | D:2      | Reached skill level 5 in Ranged Weapons
   595 | D:2      | Reached XP level 4. HP: 17/22 MP: 5/5
  1356 | D:2      | 1356 ||| READING scroll labelled YLIAXOELAXT.
  1380 | D:3      | Noticed Sigmund
  1384 | D:3      | 1384 ||| FLEEEEING.
  1385 | D:3      | 1385 ||| FLEEEEING.
  1386 | D:3      | 1386 ||| FLEEEEING.
  1387 | D:3      | 1387 ||| FLEEEEING.
  1388 | D:3      | 1388 ||| STAIRDANCE
  1423 | D:3      | HP: 5/22 [orc/+0 hand axe (7)]
  1424 | D:3      | 1424 ||| READING scroll of teleportation.
  1424 | D:3      | Mangled by an orc

Levels and vault maps discovered:
D:1:      mrwooster_arrival_arrow, layout_rooms, st_stairs_3
D:2:      layout_loops_ring, serial_aquarium, aquarium_bridge_long_separate
          [aquarium_subvault_bridge, aquarium_subvault_wall,
          aquarium_subvault_window, aquarium_subvault_bridge,
          aquarium_subvault_wall, aquarium_subvault_wall],
          aquarium_bridge_straight [aquarium_subvault_bridge,
          aquarium_subvault_window, aquarium_subvault_bridge,
          aquarium_subvault_wall], aquarium_window_fake, aquarium_window_fake,
          aquarium_window_fake, aquarium_window_2, aquarium_view_2d,
          aquarium_balcony_double_4, aquarium_pool_split, minmay_lizard_pond,
          uniq_jessica
D:3:      layout_rooms, dreamdust_ecumenical_altar_angels_and_demons,
          chequers_hall_statues_corner_a, kennysheep_generic_room_3,
          uniq_sigmund

Skill      XL: |  1  2  3 |
---------------+----------+-----
Dodging        | 3 4 |  4.8
Ranged Weapons | 5 |  5.0
Fighting       | |  1.5
Stealth        | |  1.5

Action                     |  1- 3 |  4- 6 || total
---------------------------+-------+-------++-------
   Fire: Shortbow          |   106 |    39 ||   145
    Use: Scroll            |     2 |     2 ||     4
 Armour: Robe              |    11 |     8 ||    19
  Dodge: Dodged            |    39 |    13 ||    52

Table legend:
 A = Non-vault XP
 B = Vault XP
 C = Vault XP percentage of total XP
 D = Non-vault monster count
 E = Vault monster count
 F = Vault count percentage of total count
                 A         B        C        D         E       F
            +---------+---------+-------+---------+---------+-------
      Total |      84 |      48 |  36.4 |      40 |       9 |  18.4
            +---------+---------+-------+---------+---------+-------
        D:1 |      36 |       6 |  14.3 |      21 |       3 |  12.5
        D:2 |      45 |      42 |  48.3 |      18 |       6 |  25.0
        D:3 |       3 |       0 |   0.0 |       1 |       0 |   0.0
            +---------+---------+-------+---------+---------+-------
